AoeStats
← Lorbyron

Baltic

510340852Analyzed
4v4 RM · 1d ago on Sep 30, 2026· 67m 43s· 8 players
Game mode
Random Map
Map size
Large (8 player)
Population
200
Speed
Normal
Resources
Standard
Victory
Conquest
Starting age
Dark Age
Ending age
Imperial Age
RankedLock teamsTeams togetherTeam positionsShared explorationLock speedFull tech treeHidden civsTurbo modeCheats
Victory
Defeat
🇫🇷 Persians · France
850
+8
🇫🇷 Khmer · France
836
+9
🇫🇷 Romans · France
724
+13
🇫🇷 Vikings · France
693
+14
🇪🇸 Varangians · Spain
685
-28
🇧🇬 Spanish · Bulgaria
685
-12
🇧🇴 Byzantines · Bolivia
681
-12
🇧🇷 Byzantines · Brazil
589
-8
IskoB
10:54 Feudal Age
10:50 Loom
15:55 Castle Age
18:51 Wheelbarrow
22:56 Horse Collar
27:01 Double-Bit Axe
33:08 Imperial Age
30:46 Heavy Plow
35:34 Conscription
37:17 Gold Mining
40:09 Husbandry
40:19 Bloodlines
42:33 Hand Cart
42:54 Hand Cart
43:26 Town Watch
45:08 Elite Conquistador
46:08 Bow Saw
59:14 Two-Man Saw
64:28 Supremacy
GleisOn!
11:47 Feudal Age
13:04 Double-Bit Axe
18:53 Stone Mining
21:41 Horse Collar
27:37 Castle Age
34:18 Bow Saw
34:10 Heavy Plow
37:03 Stone Shaft Mining
36:19 Gold Mining
39:07 Imperial Age
37:18 Wheelbarrow
39:57 Scale Barding Armor
40:02 Forging
43:02 Chemistry
42:14 Clinker Construction
41:57 Guard Tower
42:19 Fortified Wall
42:05 Murder Holes
41:53 Treadmill Crane
45:05 Two-Man Saw
45:36 Caravan
46:07 Coinage
46:20 Elite Cataphract
47:03 Greek Fire
47:26 Greek Fire
49:45 Keep
49:31 Bombard Tower
49:31 Ballistics
51:00 Chain Barding Armor
51:15 Iron Casting
marcselo61280
0:34 Loom
13:40 Feudal Age
15:12 Double-Bit Axe
20:20 Castle Age
36:50 Imperial Age
39:05 Chemistry
39:08 Pikeman
39:49 Squires
42:32 Ballistics
43:46 Treadmill Crane
46:40 Forging
47:10 Medium Warships
48:42 Halberdier
56:39 Scale Mail Armor
60:01 Iron Casting
59:06 Elite Varangian Guard
Jeda9
3:59 Loom
13:05 Feudal Age
15:02 Double-Bit Axe
15:36 Horse Collar
17:50 Bloodlines
21:30 Scale Barding Armor
21:38 Forging
24:08 Town Watch
25:01 Wheelbarrow
28:21 Castle Age
26:23 Gold Mining
29:52 Hand Cart
30:07 Scale Mail Armor
30:43 Iron Casting
30:30 Chain Barding Armor
32:45 Husbandry
32:07 Light Cavalry
33:24 Medium Warships
34:20 Caravan
37:03 Town Patrol
38:10 Squires
37:57 Arson
37:58 Gambesons
42:28 Imperial Age
40:37 Vendel Legacy
43:05 Bow Saw
43:03 Heavy Plow
42:58 Stone Mining
44:16 Blast Furnace
43:33 Chain Mail Armor
44:09 Conscription
44:13 Gothikon
45:50 Elite Varangian Guard
49:51 Elite Jarl
51:59 Plate Mail Armor
52:07 Plate Barding Armor
Babiole
9:16 Loom
12:12 Feudal Age
13:27 Horse Collar
13:34 Double-Bit Axe
22:58 Castle Age
21:38 Stone Mining
25:26 Pikeman
36:00 Bow Saw
37:06 Heavy Plow
41:26 Forging
42:03 Gold Mining
44:22 Gold Shaft Mining
45:55 Iron Casting
45:14 Fletching
47:48 Chieftains
50:27 Imperial Age
51:58 Elite Berserk
52:41 Bogsveigar
54:30 Onager
58:45 Chemistry
58:06 Ballistics
59:30 Blast Furnace
58:28 Bodkin Arrow
lebast44
11:46 Feudal Age
20:24 Castle Age
23:31 Double-Bit Axe
23:41 Horse Collar
30:48 Wheelbarrow
37:45 Imperial Age
35:37 Bow Saw
36:12 Hand Cart
36:33 Scale Barding Armor
36:44 Forging
37:54 Ballistics
38:00 Husbandry
38:11 Bloodlines
39:12 Conscription
39:25 Double Crossbow
41:10 Elite Ballista Elephant
42:31 Iron Casting
42:04 Heavy Plow
44:55 Blast Furnace
44:16 Chain Barding Armor
44:08 Light Cavalry
47:46 Chemistry
52:37 Hussar
53:27 Caravan
Triton
7:36 Loom
9:45 Feudal Age
18:29 Double-Bit Axe
22:23 Castle Age
20:24 Stone Mining
20:16 Horse Collar
22:01 Gold Mining
23:19 Fletching
23:48 Bow Saw
23:43 Crossbowman
24:57 Bodkin Arrow
34:24 Padded Archer Armor
38:18 Imperial Age
35:59 Heavy Plow
37:45 Forging
37:40 Scale Barding Armor
41:28 Kamandaran
42:44 Ballistics
43:25 Chemistry
44:05 Elite War Elephant
45:16 Bloodlines
45:07 Husbandry
49:06 Cavalier
57:10 Conscription
Lorbyron
11:41 Feudal Age
18:43 Castle Age
17:16 Double-Bit Axe
17:21 Horse Collar
18:43 Stone Mining
18:46 Gold Mining
19:12 Man-at-Arms
20:17 Long Swordsman
26:53 Gold Shaft Mining
26:30 Bow Saw
28:01 Heavy Plow
28:17 Scale Mail Armor
30:06 Murder Holes
30:32 Ballistics
34:19 Imperial Age
32:27 Wheelbarrow
35:49 Comitatenses
35:36 Ballistas
36:27 Chain Mail Armor
36:22 Forging
38:46 Chemistry
38:25 Caravan
38:17 Elite Skirmisher
40:11 Legionary
42:01 Elite Centurion
42:09 Pikeman
42:51 Squires
43:20 Padded Archer Armor
43:11 Fletching
43:56 Iron Casting
43:28 Scale Barding Armor
43:48 Heavy Scorpion
45:35 Leather Archer Armor
45:15 Bodkin Arrow
47:31 Blast Furnace
46:27 Bodkin Arrow
46:53 Chain Barding Armor
46:14 Halberdier
49:36 Ring Archer Armor
49:08 Husbandry
Connection lost

Rejoining the realm…

Still unreachable

The connection could not be restored.

Session expired

The server has moved on; the page needs a fresh start.